 Dungeon Sprint DCSS version 0.32-a0-22-g6ae6769602 (webtiles) character file.

Game seed: 11344504297030153982

906 fozzywoppz the Unseen (level 8, 0/48 HPs)
             Began as a Kobold Brigand on Jan 18, 2024.
             Was a Believer of Uskayaw.
             Slain by a shadow (9 damage)
             ... in the Dungeon (Sprint III: "The Ten Rune Challenge").
             The game lasted 00:02:39 (355 turns).

fozzywoppz the Unseen (Kobold Brigand)               Turns: 355, Time: 00:02:39

Health: 0/48       AC:  3    Str:  8    XL:     8   Next: 29%
Magic:  8/8        EV: 23    Int: 12    God:    Uskayaw [**....]
Gold:   54         SH:  0    Dex: 19    Spells: 7/7 levels left

rFire   + . .        a - +2 dagger
rCold   . . .        (no shield)
rNeg    . . .        b - +0 robe
rPois   .            (helmet restricted)
rElec   .            c - +0 cloak
rCorr   .            (no gloves)
SInv    .            (no boots)
Will    .....        (no amulet)
Stlth   +++++++      (no ring)
HPRegen 0.28/turn    (no ring)
MPRegen 0.11/turn

%: no teleportation
@: no status effects
A: small, no large weapons, nightstalker 3, horns 1, fire resistance 1,
screaming 1
a: Renounce Religion, Stomp, Line Pass


You were in the Dungeon.
You worshipped Uskayaw.
Uskayaw was noncommittal.
You visited 1 branch You collected 54 gold pieces.

Inventory:

Hand Weapons
 a - a +2 dagger (weapon)
Missiles
 d - 9 poisoned darts (quivered)
 e - 3 curare-tipped darts
Armour
 b - a +0 robe (worn)
 c - a +0 cloak (worn)
Scrolls
 k - a scroll of blinking
 l - 2 scrolls of torment {unknown}
 m - a scroll of enchant armour {unknown}
 o - a scroll of immolation {unknown}
Potions
 f - 2 potions of curing
 g - 3 potions of mutation
 h - a potion of haste
 i - 2 potions of magic
 j - a potion of berserk rage
 n - a potion of brilliance {unknown}
 p - a potion of enlightenment {unknown}


   Skills:
 + Level 4.2 Fighting
 - Level 10.0 Short Blades
 - Level 3.0 Throwing
 + Level 12.5 Dodging
 + Level 15.8 Stealth


You had 7 spell levels left.
You didn't know any spells.
Your spell library contained the following spells:

 Spells                   Type           Power      Damage    Failure   Level
 Sting                    Conj/Alch      0%         1d3       32%         1
 Mercury Vapours          Alch/Air       0%         N/A       45%         2
 Static Discharge         Conj/Air       0%         3-3/arc   45%         2
 Airstrike                Air            0%         2d(0-16)  97%         4
 Olgreb's Toxic Radiance  Alch           0%         N/A       97%         4
 Summon Lightning Spire   Summ/Air       0%         N/A       97%         4


Dungeon Overview and Level Annotations

Branches:
Dungeon (1/1)

Altars:
Dithmenos
Elyvilon
Kikubaaqudgha
Okawaru
Ru
Sif Muna
Trog
Uskayaw
Vehumet
Wu Jian
Yredelemnul
Zin
The Shining One


Innate Abilities, Weirdness & Mutations

You are small and have problems with some larger weapons.
You are completely attuned to the shadows.
You have a pair of small horns on your head.
Your flesh is heat resistant. (rF+)
You occasionally shout uncontrollably at your foes.


Message History

You open the door.
A shadow comes into view.
There is an open door here.
A jelly comes into view.
The shadow misses you.
You hit the shadow. You punch the shadow, but do no damage.
The shadow is lightly damaged.
You hit the shadow but do no damage.
The shadow is lightly damaged.
The shadow closely misses you.
There is an open door here.
You hit the shadow.
The shadow is lightly damaged.
You closely miss the shadow.
The shadow is lightly damaged.
You closely miss the shadow.
The shadow is lightly damaged.
The shadow hits you!
You hit the shadow.
The shadow is moderately damaged.
You hit the shadow but do no damage.
The shadow is moderately damaged.
The shadow slips into darkness.
The shadow flickers and vanishes!
Deactivating autopickup; reactivate with Ctrl-A.
You closely miss something. You puncture something!
The shadow strikes at you from the darkness!
Ouch! That really hurt!
* * * LOW HITPOINT WARNING * * *
Reactivating autopickup.
You can now pass through a line of other dancers.
You hit the shadow but do no damage.
The shadow is severely damaged.
Unknown command.
It was a potion of mutation.
You feel extremely strange.
You feel resistant to heat. A pair of horns grows on your head!
You feel the urge to shout. The shadow hits you!
You die...

# ############
#####..#___#___#__#
.#..#..#)..#__)#._#
.#..#..###'#'###'##
.##'#..#..........#
.###...'.⌠......@.#
####...#...######W#
###....#.⌠.# #...#
##.....#...# #...#
#..†...#'### #...#
.#..)..#.))# #...+
###....#___# +..J#
▓▓▓▓▓▓▓▓▓▓


You could see a shadow.

Vanquished Creatures
  A deep elf pyromancer (D)
  A necrophage (D)
  A water elemental (D)
  An arcanist (D)
  Crazy Yiuf (D)
  A necromancer (D)
  3 humans (D)
  A kobold demonologist (D)
  2 endoplasms (D)
  2 rats (D)
14 creatures vanquished.

Notes
Turn   | Place    | Note
-------+----------+-------------------------------------------
     0 | D        | fozzywoppz the Kobold Brigand began the quest for the Orb.
     0 | D        | Reached XP level 1. HP: 12/12 MP: 1/1
    39 | D        | Noticed Crazy Yiuf
    42 | D        | Killed Crazy Yiuf
    43 | D        | Reached skill level 5 in Short Blades
    43 | D        | Reached skill level 7 in Stealth
    43 | D        | Reached XP level 2. HP: 17/17 MP: 2/2
    43 | D        | Reached XP level 3. HP: 21/21 MP: 3/3
    78 | D        | Reached XP level 4. HP: 16/26 MP: 4/4
   121 | D        | Noticed a water elemental
   124 | D        | Killed a water elemental
   125 | D        | Reached skill level 9 in Stealth
   125 | D        | Reached XP level 5. HP: 30/30 MP: 5/5
   128 | D        | Found a radiant altar of Vehumet.
   129 | D        | Found a shimmering blue altar of Sif Muna.
   129 | D        | Found an ancient bone altar of Kikubaaqudgha.
   133 | D        | Reached skill level 10 in Stealth
   144 | D        | Found a glowing silver altar of Zin.
   145 | D        | Found a glowing golden altar of the Shining One.
   145 | D        | Found a white marble altar of Elyvilon.
   145 | D        | Noticed a deep elf pyromancer
   147 | D        | Killed a deep elf pyromancer
   148 | D        | Reached skill level 10 in Short Blades
   148 | D        | Reached skill level 13 in Stealth
   148 | D        | Reached XP level 6. HP: 35/35 MP: 6/6
   148 | D        | Reached XP level 7. HP: 40/40 MP: 7/7
   155 | D        | Found a hide-covered altar of Uskayaw.
   155 | D        | Found an iron altar of Okawaru.
   156 | D        | Found a bloodstained altar of Trog.
   156 | D        | Found an ornate altar of the Wu Jian Council.
   156 | D        | Noticed a human
   156 | D        | Noticed a human
   158 | D        | Killed a human
   159 | D        | Reached skill level 15 in Stealth
   201 | D        | Killed a human
   202 | D        | Reached XP level 8. HP: 13/48 MP: 8/8
   210 | D        | Became a worshipper of Uskayaw the Reveller
   327 | D        | Found a shadowy altar of Dithmenos.
   328 | D        | Found a basalt altar of Yredelemnul.
   328 | D        | Found a sacrificial altar of Ru.
   329 | D        | Reached * piety under Uskayaw
   330 | D        | Reached ** piety under Uskayaw
   341 | D        | Noticed a shadow
   355 | D        | Gained mutation: Your flesh is heat resistant. (rF+)
                  | [potion of mutation]
   355 | D        | Gained mutation: You have a pair of small horns on your
                  | head. [potion of mutation]
   355 | D        | Gained mutation: You occasionally shout uncontrollably at
                  | your foes. [potion of mutation]
   355 | D        | Slain by a shadow

Illustrated notes

Levels and vault maps discovered:
D:        dungeon_sprint_mu [sprint_mu_entry_cave, sprint_mu_temple_rooms,
          sprint_mu_d1_horrors, sprint_mu_d2_genie, sprint_mu_d3_branching,
          sprint_mu_orc_legion, sprint_mu_elf_gauntlet, sprint_mu_hive_nellie,
          sprint_mu_lair_fedhas, sprint_mu_vaults_butterflies,
          sprint_mu_slime_circle, sprint_mu_swamp_cave, sprint_mu_snake_twists,
          sprint_mu_blade_basic, sprint_mu_crypt_fortress,
          sprint_mu_tomb_spiral, sprint_mu_vestibule_basic,
          sprint_mu_gehenna_hellfire, sprint_mu_dis_giant,
          sprint_mu_tartarus_statrot, sprint_mu_cocytus_islands, sprint_mu_zot1]

Skill      XL: |  1  2  3  4  5  6  7  8 |
---------------+-------------------------+-----
Short Blades   | 5 6 7 10 | 10.0
Dodging        | 4 6 11 12 | 12.5
Stealth        | 7 9 13 15 | 15.8
Fighting       | 3 4 |  4.2
Throwing       | 3 |  3.0

Action                     |  1- 3 |  4- 6 |  7- 9 || total
---------------------------+-------+-------+-------++-------
  Melee: Dagger            |    32 |     4 |    53 ||    89
         Punch             |     1 |       |     1 ||     2
  Throw: Dart              |     7 |       |     2 ||     9
    Use: Potion            |     1 |       |     1 ||     2
   Stab: Sleeping          |     5 |     4 |     3 ||    12
 Armour: Robe              |     7 |       |    11 ||    18
  Dodge: Dodged            |    19 |       |    16 ||    35

Table legend: (Time is in decaauts)
 A = Elapsed time spent in this place.
 B = Non-inter-level travel time spent in this place.
 C = Inter-level travel time spent in this place.
 D = Time resting spent in this place.
 E = Time spent auto-exploring this place.
 F = Levels seen in this place.
 G = Mean time per level.
                   A        B        C        D        E       F      G
               +--------+--------+--------+--------+--------+-----+--------+
         Total |    318 |    318 |      0 |    125 |      0 |   1 |  318.0 |
       Dungeon |    318 |    318 |      0 |    125 |      0 |   1 |  318.0 |
               +--------+--------+--------+--------+--------+-----+--------+

Top non-repeatable levels by time:
       D: 318 daAuts
